Cogmind - Beta 16.1 @@@ ROGUE MODE // 2026.02.22 @ 19:40:04 Player: MrFartsburg Result: Destroyed by H-55 Commando with Assault Rifle Performance ------------- Evolutions (2) 1000 Regions Visited (4) 800 Robots Destroyed (35) 175 Value Destroyed (1018) 1018 Prototype IDs (1) 20 Alien Tech Used (0) 0 Bonus (22) 22 TOTAL SCORE: 3035 Bonus ------- High Alert Combat Kills 22 Cogmind --------- Core Integrity 0/550 Matter 400/400 Energy 91/100 System Corruption 8% Temperature Cool (0) Movement Walking (130) Location -8/Materials Parts ------- > --- POWER (2) -------- (None) > --- PROPULSION (2) --- Titanium Leg > --- UTILITY (4) ------ Medium Matter Pod Advanced Visual Processing Unit > --- WEAPON (3) ------- Great Maul > --- INVENTORY (5) ---- Advanced Weight Redist. System Peak State ------------ > --- POWER ------------ Improved Ion Engine Light Nuclear Core > --- PROPULSION ------- Carbon-fiber Leg Compact Wheel > --- UTILITY ---------- Improved Heat Sink Medium Storage Unit Advanced Visual Processing Unit Hardened Medium Armor Plating > --- WEAPON ----------- Improved Medium Laser Field Laser Heavy Assault Rifle > --- INVENTORY -------- Improved Ion Engine Aluminum Leg Aluminum Leg Advanced Weight Redist. System Trap Scanner Light Armor Plating Heavy Assault Rifle Great Maul [Rating: 28] Favorites ----------- Power Improved Ion Engine Engine Improved Ion Engine Power Core Light Nuclear Core Propulsion Aluminum Leg Leg Aluminum Leg Wheel Compact Wheel Hover Unit Combat Airjet Flight Unit Flight Unit Utility Improved Heat Sink Device Improved Heat Sink Storage Medium Storage Unit Processor Advanced Visual Processing Unit Protection Light Armor Plating Weapon Heavy Assault Rifle Energy Gun Improved Medium Laser Ballistic Gun Heavy Assault Rifle Impact Weapon Great Maul Build | -11 -10 -10 -9 -8 ------- Run | Yrd Mat Min Mat Mat Slots Evolved 4 | . . . 2 2 Power 1 | . . . 1 . Propulsion . | . . . . . Utility 2 | . . . 1 1 Weapon 1 | . . . . 1 Parts Attached 40 | 6 . 3 11 20 Power 7 | 1 . 1 2 3 Engine 4 | 1 . 1 2 . Core 3 | . . . . 3 Reactor . | . . . . . Propulsion 11 | 2 . . 4 5 Treads . | . . . . . Leg 7 | 2 . . . 5 Wheel 2 | . . . 2 . Hover 1 | . . . 1 . Flight 1 | . . . 1 . Utility 11 | 1 . 1 2 7 Device 5 | . . 1 . 4 Storage 3 | 1 . . 1 1 Processor 1 | . . . . 1 Hackware . | . . . . . Protection 2 | . . . 1 1 Artifact . | . . . . . Weapon 11 | 2 . 1 3 5 Energy Gun 5 | 2 . 1 1 1 Energy Cannon . | . . . . . Ballistic Gun 5 | . . . 2 3 Ballistic Cannon . | . . . . . Launcher . | . . . . . Special Weapon . | . . . . . Impact Weapon 1 | . . . . 1 Slashing Weapon . | . . . . . Piercing Weapon . | . . . . . Special Melee Weapon . | . . . . . Unidentified Prototypes 1 | . . . 1 . Parts Lost 28 | . . 2 3 23 Power 7 | . . 1 1 5 Propulsion 7 | . . . . 7 Utility 5 | . . . . 5 Weapon 9 | . . 1 2 6 Highest Loss Streak 10 | . . 1 3 10 To Critical Strikes . | . . . . . Average Backups 4 | 1 4 5 4 4 Power . | . 1 1 . . Propulsion 2 | . 2 3 4 1 Utility . | . . . . 1 Weapon . | . 1 . . 1 Tool/Special . | . . . . . Unused Backups 1 | . . . . 1 Power . | . . . . . Propulsion . | . . . . . Utility 1 | . . . . 1 Weapon . | . . . . . Tool/Special . | . . . . . Average Slot Usage (%) 88 | . 85 90 80 91 Engine 11 | . 14 8 15 10 Core 2 | . . . . 4 Leg 11 | . 28 28 1 6 Wheel 7 | . . . 9 10 Device 9 | . . 11 11 12 Storage 10 | . 14 14 11 8 Processor 3 | . . . . 6 Protection 3 | . . . 4 5 Energy Gun 15 | . 28 26 9 10 Ballistic Gun 8 | . . . 10 11 Impact Weapon 1 | . . . . 3 Peak Build Rating 28 | 6 6 10 17 28 Average Rating 16 | 4 6 8 13 22 On Entrance 7 | . 6 6 10 16 Avg Prop Armor Cover (%) 3 | . . . . 3 Naked Turns . | . . . . . Heaviest Build 43 | 11 11 12 34 43 Greatest Support 32 | 20 20 20 32 32 Greatest Overweight (x) 7 | . . . 1 7 Average Overweight (x) . | . . . . . Largest Inventory Capacity 10 | 8 8 8 10 10 Average Capacity 8 | 6 8 8 8 9 Most Carried 9 | 4 5 7 6 9 Average Carried 4 | 2 4 5 4 4 Final Capacity 10 | 8 8 8 10 5 Final Carried 6 | 4 5 6 4 1 Class Distribution -------------------- 46% | Mutant 32% | Scavenger-Tank 19% | Scavenger-Mutant Dominant Class ---------------- Mutant | -10/Materials Mutant | -10/Mines Scavenger-Mutant | -9/Materials Scavenger-Tank | -8/Materials Resources | -11 -10 -10 -9 -8 ----------- Run | Yrd Mat Min Mat Mat Matter Collected 875 | 238 . 30 97 510 Remotely . | . . . . . Salvage Created 1270 | . . 130 149 991 Parts 80 | . . 10 13 57 Haulers Intercepted 2 | . . . 1 1 Recyclers Shooed 5 | . . . 2 3 Parts Field Recycled . | . . . . . Retrieved Matter . | . . . . . Parts Self-Destructed . | . . . . . Prevented . | . . . . . Parts Restored . | . . . . . Kills | -11 -10 -10 -9 -8 ------- Run | Yrd Mat Min Mat Mat Combat Hostiles Destroyed 30 | . . 5 2 23 Melee 2 | . . . . 2 Guns 23 | . . 4 2 17 AOE 1 | . . 1 . . Classes Destroyed 11 | . . 4 2 5 Worker 2 | . . . . 2 Builder 1 | . . . . 1 Hauler 2 | . . . 1 1 Watcher 1 | . . . . 1 Swarmer 10 | . . 2 . 8 Grunt 9 | . . 1 . 8 Brawler 1 | . . . . 1 Sentry 7 | . . . 2 5 Demolisher 1 | . . 1 . . Hunter 1 | . . . . 1 Assembled 1 | . . 1 . . Best Kill Streak 9 | . . 2 2 9 Combat Bots Only 8 | . . 2 2 8 Max Kills in Single Turn 2 | . . 1 1 2 Gunslinging . | . . . . . Exploded 1 | . . 1 . . Melee 1 | . . . . 1 Uniques/NPCs Destroyed . | . . . . . Combat | -11 -10 -10 -9 -8 -------- Run | Yrd Mat Min Mat Mat Hostile Shots Fired 315 | . 2 33 30 250 Missed 80 | . 1 8 7 64 Hits 235 | . 1 25 23 186 Melee 5 | . . . . 5 Projectile 230 | . 1 25 23 181 Critical Strikes 8 | . . . 1 7 Damage Taken 3278 | . 11 338 332 2597 Core 703 | . . 35 116 552 Absorbed by Shields . | . . . . . Regen/Repaired (Parts) 47 | . . . . 47 Core Remaining (%) 85 | 100 . 86 71 . Volleys Fired 118 | . . 17 19 82 Largest 3 | . . 2 2 3 Hottest 142 | . . 90 90 142 Shots Fired 233 | . . 34 27 172 Gun 233 | . . 34 27 172 Cannon . | . . . . . Launcher . | . . . . . Special . | . . . . . Kinetic 110 | . . . 17 93 Thermal 119 | . . 30 10 79 Explosive . | . . . . . Electromagnetic 4 | . . 4 . . Robot Hit Streak 20 | . . 6 18 20 Robot Miss Streak 8 | . . 5 2 8 Penetration Max . | . . . . . Secondary Targets 4 | . . . . 4 Max Gunslinging Chain 1 | . . . . 1 Shots Hit Robots 149 | . . 18 22 109 Core Hits 59 | . 1 8 8 42 Critical Kills . | . . . . . Critical Parts Destroyed 2 | . . . . 2 Critical Strikes 11 | . . . 1 10 Burn 8 | . . . 1 7 Smash 3 | . . . . 3 Melee Attacks 20 | . . . . 20 Impact 20 | . . . . 20 Slashing . | . . . . . Piercing . | . . . . . Sneak Attacks 2 | . . . . 2 Combat Hostiles . | . . . . . Follow-up Attacks . | . . . . . Damage Inflicted 2710 | . 12 294 236 2168 Guns 1871 | . . 228 227 1416 Cannons . | . . . . . Explosions 66 | . . 66 . . Melee 735 | . . . . 735 Ramming 38 | . 12 . 9 17 Kinetic 723 | . . . 135 588 Thermal 1172 | . . 252 92 828 Explosive . | . . . . . Electromagnetic 42 | . . 42 . . Impact 735 | . . . . 735 Slashing . | . . . . . Piercing . | . . . . . Highest Corruption 8 | . . . 1 8 Average Corruption 5 | . . . 1 6 Corruption Purged . | . . . . . Corruption Blocked . | . . . . . Effects 12 | . . . 1 11 Message Errors 5 | . . . 1 4 Matter Fused 1 | . . . . 1 Energy Discharges 2 | . . . . 2 Parts Rejected 1 | . . . . 1 Data Loss (minor) 3 | . . . . 3 Overload Shots . | . . . . . Overflow Damage 205 | . . 10 . 195 Projectiles . | . . . . . Explosions 10 | . . 10 . . Melee 195 | . . . . 195 Knockbacks 3 | . . . . 3 Impact 3 | . . . . 3 Kinetic . | . . . . . Secondary . | . . . . . Self-Inflicted Damage 67 | . . 55 4 8 Shots 1 | . . 1 . . Rammed 7 | . . . 4 3 Targets Rammed 10 | . 3 . 4 3 Kicked 3 | . 3 . . . Crushed . | . . . . . Highest Temperature 637 | . . 138 29 637 Average Temperature 225 | . . 78 8 238 Received Heat Transfer 843 | . 6 54 135 648 Effects 28 | . . . . 28 Shutdowns 10 | . . . . 10 Energy Bleed 2 | . . . . 2 Interference 10 | . . . . 10 Damage (minor) 4 | . . . . 4 Damage (major) 1 | . . . . 1 Damage (core) 1 | . . . . 1 Siege Activations . | . . . . . Martial Activations . | . . . . . Shielding Activations . | . . . . . Robots Disrupted . | . . . . . Combat Hostiles . | . . . . . Robots Corrupted 3 | . . . . 3 Combat Hostiles 3 | . . . . 3 Parts Fried 2 | . . . . 2 Impact Corruptions 5 | . . . . 5 Robots Melted 1 | . . . . 1 Combat Hostiles 1 | . . . . 1 Parts Melted 7 | . . . 1 6 Heat Transferred 3076 | . . 460 285 2331 Parts Sabotaged . | . . . . . Parts Stolen . | . . . . . Parts Stripped . | . . . . . Power Chain Reactions 1 | . . 1 . . Alert | -11 -10 -10 -9 -8 ------- Run | Yrd Mat Min Mat Mat Maximum Alert Level 2 | . . . . 2 Low Security (%) 74 | 100 100 100 100 54 Level 1 21 | . . . . 39 Level 2 3 | . . . . 6 Level 3 . | . . . . . Level 4 . | . . . . . Level 5 . | . . . . . High Security . | . . . . . Max Security . | . . . . . Peak Influence 419 | . 15 54 60 419 Initial 13 | . . . 13 3 Average 104 | . 1 29 23 178 Influence Increases 990 | . 17 114 69 790 Destroy 0b10 Robot/C 580 | . . 80 40 460 Destroy 0b10 Robot/NC 30 | . . . 5 25 Destroy Leader 176 | . . 30 22 124 Successful Hack 4 | . 2 . 2 . Destroy Structure 5 | . . 4 . 1 Lose Combat Pursuer 195 | . 15 . . 180 Influence Decreases 699 | . 17 80 94 508 Entered New Map 27 | . . . 21 6 Time Decay 419 | . 17 60 70 272 Lost Part 253 | . . 20 3 230 Squads Dispatched 6 | . 1 . . 5 Investigation . | . . . . . Extermination . | . . . . . Reinforcement 2 | . 1 . . 1 Assault . | . . . . . Garrison 4 | . . . . 4 Intercept . | . . . . . Searches Triggered . | . . . . . Construction Impeded . | . . . . . Haulers Reinforced . | . . . . . Active Scanning Responses . | . . . . . Cargo Convoy Interrupts . | . . . . . Stealth | -11 -10 -10 -9 -8 --------- Run | Yrd Mat Min Mat Mat Distress Signals 4 | . 2 . . 2 Communications Jammed . | . . . . . Distress Signals . | . . . . . Times Spotted 68 | . 5 22 2 39 Peak Tracking Total 19 | . 5 19 2 7 Tactical Retreats 8 | . 1 . . 7 Traps | -11 -10 -10 -9 -8 ------- Run | Yrd Mat Min Mat Mat Traps Triggered . | . . . . . Indirectly . | . . . . . Trap Hack Attempts . | . . . . . Triggered . | . . . . . Disarmed . | . . . . . Reprogrammed . | . . . . . Reused . | . . . . . Traps Extracted . | . . . . . Installed . | . . . . . Triggered . | . . . . . Machines | -11 -10 -10 -9 -8 ---------- Run | Yrd Mat Min Mat Mat Machines Disabled . | . . . . . Max in Single Turn . | . . . . . Machines Repaired . | . . . . . Machines Dismantled . | . . . . . Machines Sabotaged . | . . . . . Overloaded Fab Kills . | . . . . . Hacking | -11 -10 -10 -9 -8 --------- Run | Yrd Mat Min Mat Mat Machines Accessed 4 | . 2 . 1 1 Terminals 2 | . 2 . . . Fabricators . | . . . . . Repair Stations 1 | . . . . 1 Recycling Units . | . . . . . Scanalyzers 1 | . . . 1 . Garrison Access . | . . . . . Total Hacks 20 | . 6 . 10 4 Successful 14 | . 2 . 9 3 Failed 6 | . 4 . 1 1 Catastrophic . | . . . . . Database Lockouts . | . . . . . Manual . | . . . . . Terminals 6 | . 6 . . . Fabricators . | . . . . . Repair Stations 4 | . . . . 4 Recycling Units . | . . . . . Scanalyzers 10 | . . . 10 . Garrison Access . | . . . . . Terminal Hacks 2 | . 2 . . . Record 2 | . 2 . . . Fabricator Hacks . | . . . . . Repair Station Hacks 3 | . . . . 3 Scan Component 2 | . . . . 2 Repair 1 | . . . . 1 Recycling Unit Hacks . | . . . . . Scanalyzer 9 | . . . 9 . Insert Component 3 | . . . 3 . Analyze 3 | . . . 3 . Retrieve Study 3 | . . . 3 . Garrison Access Hacks . | . . . . . Unauthorized Hacks . | . . . . . Terminals . | . . . . . Fabricators . | . . . . . Repair Stations . | . . . . . Recycling Units . | . . . . . Scanalyzers . | . . . . . Garrison Access . | . . . . . Data Cores Recovered . | . . . . . Used . | . . . . . Hacking Detections 4 | . 2 . 1 1 Full Trace Events . | . . . . . Feedback Events . | . . . . . Feedback Blocked . | . . . . . Robot Schematics Acquired . | . . . . . Robots Built . | . . . . . Authchips . | . . . . . Time . | . . . . . Total Robot Build Rating . | . . . . . Part Schematics Acquired 3 | . . . 3 . Parts Built . | . . . . . Authchips . | . . . . . Time . | . . . . . Total Part Build Rating . | . . . . . Part Studies Acquired 2 | . . . 2 . Parts Repaired 1 | . . . . 1 Time 26 | . . . . 26 Parts Recycled . | . . . . . Recycled Matter . | . . . . . Retrieved Matter . | . . . . . Retrieved Components . | . . . . . Parts Scanalyzed 3 | . . . 3 . Part Schematics Acquired 3 | . . . 3 . Parts Damaged . | . . . . . Bothacking | -11 -10 -10 -9 -8 ------------ Run | Yrd Mat Min Mat Mat Used RIF Installer . | . . . . . Robots Hacked . | . . . . . Non-combat . | . . . . . Combat . | . . . . . Robot Hacks Applied . | . . . . . Relay Couplers Released . | . . . . . Fabnet Peak Effective % . | . . . . . Robots Rewired . | . . . . . Allies Hacked . | . . . . . Hacks Repelled . | . . . . . Allies | -11 -10 -10 -9 -8 -------- Run | Yrd Mat Min Mat Mat Total Allies . | . . . . . Largest Group . | . . . . . Highest-Rated Group . | . . . . . Highest-Rated Ally . | . . . . . Total Orders . | . . . . . Ally Attacks . | . . . . . Total Damage . | . . . . . Kills . | . . . . . Allies Corrupted . | . . . . . Allies Melted . | . . . . . Intel | -11 -10 -10 -9 -8 ------- Run | Yrd Mat Min Mat Mat Active Infowar (turns) 637 | . . . . 637 Optics 524 | . . . . 524 Traps 269 | . . . . 269 Robot Analysis Total . | . . . . . Derelict Logs Recovered . | . . . . . Drone Launches . | . . . . . Drone Recoveries . | . . . . . Exploration | -11 -10 -10 -9 -8 ------------- Run | Yrd Mat Min Mat Mat Turns Passed 1386 | 63 247 127 188 761 Spaces Moved 720 | 44 203 58 121 294 Core 11 | 8 . . . 3 Treads . | . . . . . Legs 371 | 36 203 58 . 74 Wheels 293 | . . . 76 217 Hover 45 | . . . 45 . Flight . | . . . . . Fastest Speed 50 | 50 120 120 80 100 Average Speed 118 | 107 120 120 98 126 Slowest Speed 400 | 120 120 120 150 400 Overloaded Moves . | . . . . . Propulsion Burnouts . | . . . . . Robots Hopped . | . . . . . Potential Cave-ins . | . . . . . Cave-ins Triggered . | . . . . . Exploration Rate (%) 22 | 3 36 20 22 30 Regions Visited 4 Branch Regions 1 Pre-discovered Areas . | . . . . . Known Exits Taken . | . . . . . Unknown Exits Taken 4 | 1 1 1 1 . Scrap Searched . | . . . . . Spaces Dug . | . . . . . Terrain Destroyed 4 | . . 4 . . Melee . | . . . . . Projectile . | . . . . . AOE 4 | . . 4 . . Terrain Rammed . | . . . . . Walls Destroyed . | . . . . . Machines Disabled . | . . . . . Actions | -11 -10 -10 -9 -8 --------- Run | Yrd Mat Min Mat Mat Total 1011 | 60 206 81 163 501 Wait 49 | 1 . . . 48 Move 716 | 43 202 57 120 294 Hop . | . . . . . Pick Up 42 | 10 1 4 6 21 Fast Attach . | . . . . . Attach 36 | 6 . 3 6 21 Detach . | . . . . . Swap 14 | . . . 5 9 Drop 6 | . . . 3 3 Fire 118 | . . 17 19 82 Melee 20 | . . . . 20 Ram 7 | . . . 4 3 Kick 3 | . 3 . . . Crush . | . . . . . Escape Stasis . | . . . . . Rewire . | . . . . . Trap . | . . . . . Miscellaneous . | . . . . . Route ------- -11/Scrapyard -10/Materials -10/Mines -9/Materials -8/Materials History --------- Turn | Location | Event 4 | -11/Scrapyard | Discovered new exit (range 13) 64 | -11/Scrapyard | Entered Materials 293 | -10/Materials | Discovered new exit (range 15) 311 | -10/Materials | Entered Mines 312 | -10/Mines | Assembled infested the area 312 | -10/Mines | Build established: Mutant 430 | -10/Mines | Discovered new exit (range 5) 438 | -10/Mines | Entered Materials 438 | -9/Materials | Evolved 2 slots: Power x1, Utility x1 526 | -9/Materials | Lost 3 parts (1p2w) 617 | -9/Materials | Discovered new exit (range 8) 626 | -9/Materials | Entered another Materials area 626 | -8/Materials | Evolved 2 slots: Utility x1, Weapon x1 683 | -8/Materials | Repaired Lgt. Armor Plating 770 | -8/Materials | Garrison activated, responded to threat 952 | -8/Materials | Garrison activated, responded to threat 979 | -8/Materials | Build established: Scavenger-Tank 1106 | -8/Materials | Destroyed 8 combat bots 1112 | -8/Materials | Core integrity fell below 50% 1186 | -8/Materials | Lost 10 parts (3p3n2u2w) 1303 | -8/Materials | Core integrity fell below 20% 1367 | -8/Materials | Lost 7 parts (2p2n2u1w) 1387 | -8/Materials | Destroyed by H-55 Commando with Assault Rifle Last Messages --------------- Slug penetrates Wall. K-01 Serf collects debris. Slug penetrates Wall. K-01 Serf collects debris. Slug penetrates Wall. Wall collapses. U-05 Engineer builds a Door. K-01 Serf collects debris. Acquired 20 matter. U-05 Engineer builds a Wall. Penetrated by Slug. Lgt. Assault Rifle+ destroyed. Penetrated by Slug. Imp. Heat Sink destroyed. System corrupted: Adv. Weight Redist. System rejected. H-55 Commando knocked back. Com. Wheel destroyed. Penetrated by Slug. Hvy. Assault Rifle destroyed. Map ----- +----------------------------------------------------+ | ?????????????????????????????????????????????????? | | ?????????????????????????????????????????????????? | | ?????????????????????????????????????????????????? | | ?????????????????????????????????????????????????? | | ?????????????????????????????????????????????????? | | ?????????????????????????????????????????????????? | | ?????????????????????????????????????????????????? | | ?????????????????????????????????????????????????? | | ?????????????????????????????????????????????????? | | ?????????????????????????????????????????????????? | | ?????????????????????????????????????????????????? | | ?????????????????????????????????????????????????? | | ?????????????????????????????????????????????????? | | ?????????????????????????????????????????????????? | | ?????????????????????????????????????????????????? | | ?????????????????????????????????????????????????# | | ?????????????????????????????????????????????????# | | ?????????????????????????????????????????????????# | | ?????????????????????????????????????????????????# | | ?????????????????????????????????????????????????# | | ?????????????????????????????????????????????????# | | ?????????????????????????????????????????????????# | | ?????????????????????????????????????????????????# | | ?????????????????????????????????????????????????# | | ?????????????????????#########???????????????????# | | ?????????????????????#% h@! #???????????????????# | | ?????????????????????# "" ##???################# | | ?????????????????????# ""S #????# # # | | ?????????????????????# " #????# # """" # | | ?????????????????????# #????? """ # """" # | | ?????????????????????# #?????! """ # """" # | | ????????????# ?????######+###???? """ # + | | ????????????# ##### #???? ?# """ # | | ????????????# !!!######+#### """ # | | ????????????+ %= =%*!%= ! + """ # | | ????????????# * !###### #### # | | ????????????# ##### #????# #??########## | | ????????????# ?????### ###????# #???????##??? | | ????????????####+?????????# #??????# #########"T"# | | ??????????????????????????# #??????# ^ ! | | ??????????????????????????# #??????# ^ | | ??????????????????????????# #??????#+######## | | ??????????????????????????# ???????????????# | | ??????????????????????????###???????????????# [ | | ????????????????????????????????????????????# ^ | | ????????????????????????????????????????????# ^^ | | ????????????????????????????????????????????# | | ????????????????????????????????????????????# ] | | ????????????????????????????????????????????#^ | | ????????????????????????????????????????????# " | +----------------------------------------------------+ Best States ------------- Heat Dissipation 59 Energy Generation 23 Energy Capacity 430 Matter Stores 400 Matter Capacity 400 Sight Range 20 Terrain Scan Density 10 Additional Mass Support 9 Armor Coverage 225 Evasion (%) 55 Item Schematics ----------------- Cmb. Airjet | -9/Materials | Scanalyzed Lgt. Assault Rifle | -9/Materials | Scanalyzed Aluminum Leg | -9/Materials | Scanalyzed Robot Schematics ------------------ None Fabricated ------------ Nothing Repaired ---------- Lgt. Armor Plating | 47% | -8/Materials Studied --------- Lgt. Assault Rifle | -9/Materials | Hacked Aluminum Leg | -9/Materials | Hacked Alien Tech Used ----------------- None Achievements -------------- Hammer Time Challenges ------------ None Game ------ Seed RemoteColdGriptreads Manual? 0 Play Time 00:30:37 Cumulative 19.9 hours Start 2026.02.22 @ 19:02:07 End 2026.02.22 @ 19:40:04 Sessions 1 Manual Loads 0 Difficulty Rogue Special Mode None Game No. 36 Rogue 36 Adventurer 0 Explorer 0 Win Type - Total 0 Types 0/0/0/0/0/0/0/0/0/0 Lore% 9 Gallery% 19 Achievement% 13 Wizard Run 0 Options --------- Layout 1 ASCII 0 Keyboard 0 Movement Numpad Keybinds 0 Fullscreen 1 Font 32/SmallcapsGlow Map View 50x35 Zoom Use 0% Tactical HUD 0 Map Filters NONE Filters NONE Steam 1 RUN: ac150022-dc33-4254-9bef-4a1f5e9266e6